 Dungeon Crawl Stone Soup version 0.17.1-3-g152610e (webtiles) character file.

47071 LonesomeOreo the Severer (level 14, -7/124 HPs)
             Began as a Minotaur Berserker on Mar 19, 2016.
             Was an Elder of Trog.
             Mangled by a shock serpent (12 damage)
             ... on level 1 of the Snake Pit.
             The game lasted 01:46:09 (15898 turns).

LonesomeOreo the Severer (Minotaur Berserker)      Turns: 15898, Time: 01:46:12

Health: -7/124     AC: 22    Str: 26      XL:     14   Next: 7%
Magic:  15/15      EV:  9    Int:  4      God:    Trog [****..]
Gold:   698        SH:  0    Dex: 10 (11) Spells: 0 memorised, 16 levels left

rFire  + . .     SeeInvis .     R - +1 battleaxe
rCold  . . .     Clarity  .     T - +0 plate armour
rNeg   . . .     SustAt   +     (shield currently unavailable)
rPois  +         Gourm    .     (helmet restricted)
rElec  .         Spirit   .     g - +2 cloak {rPois}
rCorr  .         Warding  .     E - +0 pair of gloves
rMut   .         Stasis   .     i - +0 pair of boots
MR     +....                    t - amulet of regeneration
Stlth  ..........               H - ring of protection from fire
                                x - ring of sustain attributes

@: lethally poisoned (-7 -> -7), exhausted, slowed, very slow, somewhat
resistant to hostile enchantments, extremely unstealthy
A: retaliatory headbutt, horns 2
a: Berserk, Trog's Hand, Brothers in Arms, Burn Spellbooks, Renounce Religion


You were on level 1 of the Snake Pit.
You worshipped Trog.
Trog was greatly pleased with you.
You were near starving.

You visited 4 branches of the dungeon, and saw 16 of its levels.
You also visited: Sewer.

You collected 926 gold pieces.
You spent 228 gold pieces at shops.

Inventory:

Hand Weapons
 c - the +1 broad axe "Susauban" {elec, Str+4 Dex+5, unknown}
   (You acquired it on level 1 of the Snake Pit)

   Occasionally, upon striking a foe, it will discharge some electrical energy
   and cause terrible harm.
   It affects your strength (+4).
   It affects your dexterity (+5).
 R - a +1 battleaxe (weapon)
Armour
 g - a +2 cloak of poison resistance (worn)
 i - a +0 pair of boots (worn)
 E - a +0 pair of gloves (worn)
 T - a +0 plate armour (worn)
Jewellery
 t - an amulet of regeneration (around neck)
 x - a ring of sustain attributes (left hand)
 H - a ring of protection from fire (right hand)
 P - an uncursed amulet of clarity
Wands
 f - a wand of slowing (11)
 h - a wand of digging (12)
 l - a wand of magic darts (20)
 w - a wand of flame (33)
 M - a wand of fire (4)
 Y - a wand of fireball (3)
Scrolls
 e - 4 scrolls of fear
 n - 3 scrolls of remove curse
 r - 3 scrolls of fog
 s - 14 scrolls of identify
 B - a scroll of blinking
 C - 7 scrolls of magic mapping
 L - 2 scrolls of enchant armour
 Q - 2 scrolls of teleportation
Potions
 a - a potion of resistance
 k - a potion of brilliance
 m - 4 potions of flight
 q - 3 potions of cancellation
 v - a potion of poison
 z - 3 potions of magic
 I - a potion of degeneration
 W - a potion of agility {unknown}
Books
 b - a book of Transfigurations

   Spells                             Type                      Level
   a - Stoneskin                      Transmutation/Earth          2
   b - Irradiate                      Conjuration/Transmutation    5
   c - Statue Form                    Transmutation/Earth          6
   d - Hydra Form                     Transmutation                6
   e - Dragon Form                    Transmutation                7
   Trog disapproves of the use of such an item.
 K - a book of Battle

   Spells                             Type                      Level
   a - Infusion                       Charms                       1
   b - Shroud of Golubria             Charms/Translocation         2
   c - Song of Slaying                Charms                       2
   d - Spectral Weapon                Hexes/Charms                 3
   e - Regeneration                   Charms/Necromancy            3
   Trog disapproves of the use of such an item.
 S - a book of Callings

   Spells                             Type                      Level
   a - Summon Small Mammal            Summoning                    1
   b - Call Imp                       Summoning                    2
   c - Call Canine Familiar           Summoning                    3
   d - Summon Guardian Golem          Hexes/Summoning              3
   e - Summon Lightning Spire         Summoning/Air                4
   f - Summon Ice Beast               Ice/Summoning                4
   Trog disapproves of the use of such an item.
Miscellaneous
 o - a plain deck of defence {drawn: 1}
Comestibles
 d - 19 fruits
 u - 5 bread rations
 A - 3 beef jerkies
 F - 4 meat rations
 O - 2 royal jellies
 U - a slice of pizza


   Skills:
 + Level 11.6 Fighting
 + Level 19.7 Axes
 + Level 12.4 Armour
 + Level 5.2 Dodging
 + Level 1.8 Spellcasting
 + Level 0.3 Evocations


You had 16 spell levels left.
You didn't know any spells.

Dungeon Overview and Level Annotations

Branches:
Dungeon (10/15)            Temple (1/1) D:6            Lair (4/8) D:10
  Snake (1/4) Lair:4          Orc (0/4) D:9
  Swamp: Lair:3-6    Shoals: Lair:3-6

Altars:
Ashenzari
Cheibriados
Dithmenos
Elyvilon
Fedhas
Gozag
Kikubaaqudgha
Makhleb
Nemelex Xobeh
Okawaru
Qazlal
Ru
Sif Muna
Trog
Vehumet
Xom
Yredelemnul
Zin
The Shining One

Shops:
D:5 !


Innate Abilities, Weirdness & Mutations

You reflexively headbutt those who attack you in melee.
You have a pair of horns on your head.


Message History

The shock serpent hisses angrily.
A black mamba comes into view.
The black mamba hisses angrily.
Found a scroll of fear, 17 gold pieces and a wand of flame.
Found a stone staircase leading down.
A naga warrior comes into view. It is wielding a war axe.
The shock serpent bites you but does no damage.
The shock serpent bites you.
* * * LOW HITPOINT WARNING * * *
The shock serpent shocks you!
* * * LOW HITPOINT WARNING * * *
The black mamba bites you.
* * * LOW HITPOINT WARNING * * *
It was a potion of degeneration.
There was something very wrong with that liquid.
You feel somewhat clumsy.
You feel sick. The shock serpent bites you!
* * * LOW HITPOINT WARNING * * *
The shock serpent shocks you!
You die...

.. ...
.........# #..##
....
.........##....#
....
...............#
...............#
.../............
................
.......NS.......
.......S@.>.....
................
......$.........
....N...###.....
.......## #....
#....## ...#
#..## ..# ..# .#


You could see 2 naga warriors, a shock serpent and a black mamba.

Vanquished Creatures
  A catoblepas (Lair:3)
  A tengu warrior (D:10)
  A shock serpent (Snake:1)
  Nergalle (Lair:1)
  Pikel (D:7)
  A hill giant (D:10)
  A mana viper (Snake:1)
  An oklob plant (D:7)
  An elephant (Lair:4)
  3 black mambas
  5 spiny frogs
  5 komodo dragons
  A fire drake (Lair:2)
  2 trolls (D:10)
  The ghost of GFox the Firebug, an amateur DsFE (D:4)
  20 blink frogs
  Sigmund (D:3)
  22 yaks
  A deep elf mage (D:10)
  A hungry ghost (D:7)
  5 hippogriffs
  A basilisk (Lair:4)
  12 wolves
  6 porcupines
  A naga (Snake:1)
  A slave (D:7)
  6 water moccasins
  3 orc warriors
  2 black bears
  4 sky beasts
  2 wasps
  2 ice beasts
  A phantom (D:5)
  5 ogres
  4 centaurs
  9 crocodiles
  8 giant frogs
  5 big kobolds
  A wyvern skeleton (D:8)
  4 scorpions
  6 wights (D:9)
  8 crimson imps
  A centaur zombie (D:7)
  4 jellies
  A centaur skeleton (D:4)
  6 orc priests
  4 giant frog zombies
  Crazy Yiuf (D:3)
  Ijyb (D:2)
  9 orc wizards
  2 giant frog skeletons
  4 hounds
  6 iguanas
  Natasha (thrice) (D:3)
  4 worker ants
  6 sheep (Lair:3)
  A hound zombie (D:6)
  2 hound skeletons (D:6)
  A worker ant zombie (D:9)
  5 gnolls
  25 river rats
  12 adders
  3 shadow imps
  7 oozes
  2 adder skeletons
  An adder zombie (D:9)
  3 worms
  5 giant geckos
  23 orcs
  11 bats
  3 giant cockroaches
  10 goblins
  9 hobgoblins
  14 jackals
  5 quokkas
  2 ball pythons
  A giant gecko zombie (D:6)
  6 giant newts
  7 kobolds
  A quokka zombie (D:5)
  13 rats
  2 fungi (D:7)
  5 plants
  A toadstool (D:7)
399 creatures vanquished.

Vanquished Creatures (collateral kills)
  Gastronok (D:8)
  A hydra (Lair:1)
  3 elephants (Lair:4)
  A naga (Snake:1)
  A crocodile (Lair:1)
  2 sheep (Lair:3)
9 creatures vanquished.

Vanquished Creatures (others)
  A wolf (Lair:3)
  A giant frog (D:7)
  A hound (D:10)
  An iguana (D:7)
  A jackal zombie (D:7)
  4 fungi
  3 plants
  13 toadstools (D:7)
25 creatures vanquished.

Grand Total: 433 creatures vanquished

Notes
Turn   | Place    | Note
--------------------------------------------------------------
     0 | D:1      | LonesomeOreo the Minotaur Berserker began the quest for the Orb.
     0 | D:1      | Reached XP level 1. HP: 19/19 MP: 0/0
   145 | D:1      | Reached skill level 4 in Axes
   195 | D:1      | Reached XP level 2. HP: 24/26 MP: 1/1
   247 | D:1      | Reached skill level 5 in Axes
   296 | D:1      | Reached ** piety under Trog
   296 | D:1      | Reached XP level 3. HP: 19/31 MP: 2/2
   904 | D:2      | Found a faded altar to an unknown god.
  1023 | D:2      | Noticed Ijyb
  1032 | D:2      | Killed Ijyb
  1032 | D:2      | Reached skill level 6 in Axes
  1032 | D:2      | Reached XP level 4. HP: 35/39 MP: 3/3
  1597 | D:3      | Noticed Sigmund
  1852 | D:3      | Reached *** piety under Trog
  1933 | D:3      | Noticed Natasha
  1950 | D:3      | Killed Natasha
  2036 | D:3      | Reached XP level 5. HP: 45/45 MP: 4/4
  2043 | D:3      | Found a shimmering altar of Xom.
  2110 | D:3      | Reached skill level 7 in Axes
  2265 | D:3      | Noticed Natasha
  2277 | D:3      | Killed Natasha
  2397 | D:3      | Noticed Natasha
  2412 | D:3      | Killed Natasha
  2472 | D:3      | Noticed Crazy Yiuf
  2502 | D:3      | Killed Crazy Yiuf
  2765 | D:3      | Killed Sigmund
  2765 | D:3      | Reached skill level 8 in Axes
  2765 | D:3      | Reached XP level 6. HP: 51/51 MP: 5/5
  3044 | D:4      | Reached skill level 9 in Axes
  3205 | D:4      | Reached XP level 7. HP: 57/57 MP: 6/6
  3387 | D:4      | Noticed GFox's ghost (amateur DsFE)
  3409 | D:4      | Killed GFox's ghost
  3409 | D:4      | Reached skill level 10 in Axes
  3600 | D:4      | Found a glowing drain.
  3606 | Sewer    | Entered a sewer
  3720 | Sewer    | Reached skill level 11 in Axes
  3803 | Sewer    | Reached **** piety under Trog
  3803 | Sewer    | Reached XP level 8. HP: 64/64 MP: 7/7
  4268 | D:4      | Reached skill level 12 in Axes
  4694 | D:5      | Entered Level 5 of the Dungeon
  5063 | D:5      | Reached skill level 13 in Axes
  5258 | D:5      | Found Torith's Distillery.
  5279 | D:5      | Bought a potion of curing for 36 gold pieces
  5279 | D:5      | Bought a potion of curing for 36 gold pieces
  5279 | D:5      | Bought a potion of curing for 36 gold pieces
  5279 | D:5      | Bought a potion of heal wounds for 60 gold pieces
  5279 | D:5      | Bought a potion of heal wounds for 60 gold pieces
  5821 | D:6      | Found a staircase to the Ecumenical Temple.
  5864 | Temple   | Entered the Ecumenical Temple
  6171 | D:6      | Found a white marble altar of Elyvilon.
  6171 | D:6      | Found a basalt altar of Yredelemnul.
  6174 | D:6      | Found a sacrificial altar of Ru.
  6221 | D:6      | Reached XP level 9. HP: 67/70 MP: 8/8
  6255 | D:6      | Reached skill level 14 in Axes
  7323 | D:7      | Noticed Pikel
  7339 | D:7      | Killed Pikel
  7339 | D:7      | Reached skill level 15 in Axes
  7398 | D:7      | Found a blossoming altar of Fedhas.
  7418 | D:7      | Noticed an oklob plant
  7460 | D:7      | Killed an oklob plant
  7679 | D:7      | Reached skill level 16 in Axes
  8129 | D:7      | Reached XP level 10. HP: 77/77 MP: 9/9
  8567 | D:8      | Noticed Gastronok
  8577 | D:8      | Reached ***** piety under Trog
  8596 | D:8      | Killed Gastronok
  8921 | D:8      | Reached skill level 17 in Axes
  9141 | D:9      | Found a staircase to the Orcish Mines.
  9157 | D:9      | Reached skill level 5 in Fighting
  9261 | D:9      | Reached skill level 5 in Armour
  9578 | D:9      | Received a gift from Trog
  9811 | D:9      | Reached XP level 11. HP: 85/91 MP: 10/10
  9984 | D:10     | Entered Level 10 of the Dungeon
  9992 | D:10     | Found a staircase to the Lair.
 10164 | D:10     | Noticed a hill giant
 10183 | D:10     | Killed a hill giant
 10399 | D:10     | Noticed a tengu warrior
 10403 | D:10     | Killed a tengu warrior
 10597 | D:10     | Reached skill level 18 in Axes
 11092 | Lair:1   | Entered Level 1 of the Lair of Beasts
 11366 | Lair:1   | Noticed Nergalle
 11382 | Lair:1   | Killed Nergalle
 11487 | Lair:1   | Noticed a five-headed hydra
 11497 | Lair:1   | Killed a seven-headed hydra
 13318 | Lair:2   | Received a gift from Trog
 13541 | Lair:3   | Reached XP level 12. HP: 100/103 MP: 11/11
 13580 | Lair:3   | Reached skill level 10 in Armour
 13720 | Lair:3   | Noticed a catoblepas
 14092 | Lair:3   | Killed a catoblepas
 14128 | Lair:3   | Reached skill level 19 in Axes
 14131 | Lair:3   | Reached skill level 10 in Fighting
 14728 | Lair:4   | Received a gift from Trog
 15238 | Lair:4   | Found a staircase to the Snake Pit.
 15536 | Lair:4   | Reached XP level 13. HP: 100/116 MP: 12/12
 15642 | Snake:1  | Entered Level 1 of the Snake Pit
 15678 | Snake:1  | Identified a scroll of acquirement
 15681 | Snake:1  | Got a pitted broad axe
 15854 | Snake:1  | Noticed a greater naga
 15857 | Snake:1  | Reached skill level 5 in Dodging
 15857 | Snake:1  | Reached skill level 1 in Spellcasting
 15857 | Snake:1  | Reached XP level 14. HP: 33/124 MP: 5/15
 15898 | Snake:1  | HP: 5/124 [shock serpent (8)]
 15898 | Snake:1  | Mangled by a shock serpent

Action                   |  1- 3 |  4- 6 |  7- 9 | 10-12 | 13-15 || total
-------------------------+-------+-------+-------+-------+-------++-------
Melee: Hand axe          |    65 |   109 |   455 |    25 |       ||   654
       War axe           |       |       |       |   605 |     6 ||   611
       Battleaxe         |       |       |       |       |    13 ||    13
Invok: Berserk           |     2 |     6 |    10 |    13 |     1 ||    32
       Trog's Hand       |       |     5 |       |       |       ||     5
       Brothers in Arms  |       |       |       |     4 |     1 ||     5
       Burn Spellbooks   |       |       |       |     1 |       ||     1
Evoke: Wand              |       |       |       |     1 |       ||     1
       Deck              |       |       |       |       |     1 ||     1
  Use: Scroll            |       |     7 |     6 |     5 |     4 ||    22
       Potion            |       |       |     5 |    13 |     4 ||    22
 Stab: Distracted        |       |       |       |     1 |       ||     1
  Eat: Bread ration      |     1 |       |       |       |       ||     1
       Fruit             |       |     2 |     9 |    14 |     2 ||    27
       Meat ration       |       |     1 |       |       |       ||     1
       Pizza             |       |     1 |       |       |       ||     1
       Chunk             |       |     2 |    21 |    27 |       ||    50
